 Dungeon Crawl Stone Soup version 0.27-a0-1083-gcf8293e1eb (webtiles) character file.

Game seed: 2833656531529542537

16 EnegeticOcto the Ruffian (level 2, 29/29 HPs)
             Began as a Troll Fighter on Apr 26, 2021.
             Was a Follower of Sif Muna.
             Quit the game on level 1 of the Dungeon.
             The game lasted 00:00:57 (210 turns).

EnegeticOcto the Ruffian (Troll Fighter)             Turns: 210, Time: 00:00:58

Health: 29/29      AC:  4    Str: 23    XL:     2   Next: 37%
Magic:  1/1        EV:  7    Int:  4    God:    Sif Muna [*.....]
Gold:   33         SH:  8    Dex:  9    Spells: 1/1 levels left

rFire    . . .     SeeInvis .     - Unarmed
rCold    . . .     Faith    .   b - +0 kite shield
rNeg     . . .     Spirit   .   a - +0 robe
rPois    .         Reflect  .   (helmet restricted)
rElec    .         Harm     .   (no cloak)
rCorr    .         Rampage  .   (gloves unavailable)
Will     .....                  (boots unavailable)
Stlth    +.........             (no amulet)
HPRegen  1.09/turn              (no ring)
MPRegen  0.07/turn              (no ring)

@: no status effects
A: large, unfitting armour, claws 3, regeneration 1, shaggy fur 1, tough skin 1
a: Renounce Religion, Channel Magic


You were on level 1 of the Dungeon.
You worshipped Sif Muna.
Sif Muna was aware of your devotion.
You visited 1 branch of the dungeon, and saw 2 of its levels.

You collected 33 gold pieces.

Inventory:

Missiles
 f - 19 poisoned darts (quivered)
 h - 3 javelins
Armour
 a - a +0 robe (worn)
 b - a +0 kite shield (worn)
Scrolls
 d - a scroll of brand weapon {unknown}
 e - a scroll of identify {unknown}
 g - a scroll of magic mapping {unknown}
Potions
 c - a potion of might {@q3 !q}
 i - 2 potions of lignification {unknown}


   Skills:
 - Level 2.4 Fighting
 - Level 2.4 Dodging
 - Level 2.4 Shields
 * Level 3.1 Unarmed Combat


You had one spell level left.
You didn't know any spells.
Your spell library was empty.

Dungeon Overview and Level Annotations

Branches:
Dungeon (2/15)

Altars:
Sif Muna


Innate Abilities, Weirdness & Mutations

You are too large for most types of armour.
You have claws for hands.
Your natural rate of healing is unusually fast.
You are covered in fur. (AC +1)
You have tough skin. (AC +1)


Message History

Your shield prevents you from hitting the goblin.
The kobold shouts!
The jackal bites you but does no damage.
The goblin hits you with a +0 dagger.
You closely miss the goblin. You block the jackal's attack.
The goblin closely misses you. The jackal closely misses you.
You barely miss the goblin.
The jackal bites you but does no damage.
You block the jackal's attack. The goblin hits you but does no damage.
The jackal barely misses you. x2; The jackal bites you.
You claw the goblin!
You kill the goblin!
The jackal barely misses you. x2; The jackal bites you.
The kobold throws a stone.
You block the stone. The jackal barely misses you. The jackal bites you.
You scratch the jackal.
The jackal is heavily wounded.
The jackal bites you but does no damage.
You block the jackal's attack.
The jackal bites you but does no damage. x2
The kobold throws a stone.
You block the stone.
You claw the jackal!
You kill the jackal!
The jackal bites you but does no damage.
The jackal barely misses you.
The kobold throws a stone.
You block the stone.
The jackal bites you but does no damage. x2
You scratch the jackal but do no damage.
You block the jackal's attack. The jackal bites you.
You scratch the kobold but do no damage.
The jackal bites you. You block the jackal's attack.
The kobold hits you but does no damage. The jackal bites you. x2
You block the kobold's attack.
You claw the kobold!
You kill the kobold!
The jackal closely misses you.
The jackal bites you but does no damage.
You block the jackal's attack.
The jackal bites you but does no damage.
You closely miss the jackal. The jackal closely misses you.
You block the jackal's attack.
You closely miss the jackal.
The jackal bites you but does no damage.
You block the jackal's attack.
The jackal bites you but does no damage.
You block the jackal's attack.
You barely miss the jackal.
The jackal bites you but does no damage.
You block the jackal's attack. The jackal barely misses you.
You completely miss the jackal. The jackal bites you.
You block the jackal's attack. x2
You miss the jackal. The jackal bites you. You block the jackal's attack.
The jackal bites you.
You completely miss the jackal.
The jackal bites you but does no damage.
You block the jackal's attack. The jackal bites you.
You barely miss the jackal.
The jackal bites you but does no damage.
The jackal completely misses you. You block the jackal's attack.
The jackal closely misses you.
You scratch the jackal.
You kill the jackal!
The jackal bites you.
Your Unarmed Combat skill increases to level 3!
You claw the jackal!
You kill the jackal!
No target in view!
No target in view!
No target in view!
No target in view!
No target in view!
No target in view!
No target in view!
No target in view!
Items here: ( )) †.
You now have 16 gold pieces (gained 4).
You see here 3 javelins.
h - 3 javelins
Items here: ( )) †.
Okay, then.
You now have 33 gold pieces (gained 17).
You see here a jackal corpse.
A quokka comes into view.
You see here 2 purple potions.
i - 2 purple potions The quokka closely misses you.
You scratch the quokka.
The quokka is heavily wounded.
You block the quokka's attack.
You scratch the quokka.
You kill the quokka!
No target in view!
Found a faded altar of an unknown god.
There is a fountain of clear blue water here.
Found 18 poisoned darts.
There is a faded altar of an unknown god here.
You cannot tell which god this altar belongs to.
Convert to them anyway?
Sif Muna accepts your prayer! Sif Muna welcomes you!
You can now call upon Sif Muna for magical energy.
Are you sure you want to abandon this character and quit the game? (Confirm with "yes".)

#.#..####.#######..#
# ..... #.# # ##.##.
#.# # # #. #.# #
#.####.#### #
##.#.......# #
.....8.⌠.8.#
###........####
#..⌠.@.⌠..... ##
#.........### ..
#..8.⌠.8.## ##
#........#
#...####.# #.## .#
.( .. ## #. ##


There were no monsters in sight!

Vanquished Creatures
  A dart slug (D:1)
  A goblin (D:1)
  A hobgoblin (D:2)
  5 jackals
  A quokka (D:1)
  A kobold (D:1)
  2 rats (D:1)
12 creatures vanquished.

Notes
Turn   | Place    | Note
-------+----------+-------------------------------------------
     0 | D:1      | EnegeticOcto the Troll Fighter began the quest for the Orb.
     0 | D:1      | Reached XP level 1. HP: 22/22 MP: 0/0
   115 | D:2      | Reached XP level 2. HP: 29/29 MP: 1/1
   179 | D:1      | Reached skill level 3 in Unarmed Combat
   201 | D:1      | Found a faded altar of an unknown god.
   209 | D:1      | Became a worshipper of Sif Muna the Loreminder
   209 | D:1      | Reached * piety under Sif Muna
   210 | D:1      | Quit the game

Illustrated notes

Levels and vault maps discovered:
D:1:      wander_arrival_abandoned_jail, layout_loops_ring,
          hellmonk_ecumenical_altar_dog_temple, minmay_unequal
D:2:      layout_loops_ring, basic_altar, hex_medium,
          kennysheep_decorative_pillar

Skill      XL: |  1  2 |
---------------+-------+-----
Unarmed Combat | 3 |  3.1
Fighting       | |  2.4
Dodging        | |  2.4
Shields        | |  2.4

Action                   || total
-------------------------++-------
Melee: Unarmed           ||    32
Armor: Robe              ||    19
Dodge: Dodged            ||    17
Block: Kite shield       ||    24

Table legend: (Time is in decaauts)
 A = Elapsed time spent in this place.
 B = Non-inter-level travel time spent in this place.
 C = Inter-level travel time spent in this place.
 D = Time resting spent in this place.
 E = Time spent auto-exploring this place.
 F = Levels seen in this place.
 G = Mean time per level.
                   A        B        C        D        E       F      G
               +--------+--------+--------+--------+--------+-----+--------+
         Total |    215 |    213 |      2 |      0 |      0 |   2 |  107.5 |
       Dungeon |    215 |    213 |      2 |      0 |      0 |   2 |  107.5 |
               +--------+--------+--------+--------+--------+-----+--------+

Top non-repeatable levels by time:
     D:1: 156 daAuts
     D:2: 58 daAuts
